 Dungeon Crawl Stone Soup version 0.25.0-9-g26727b657a (webtiles) character file.

Game seed: 12337812235080393349

432 hittemvvvvhard the Shooter (level 7, 0/48 HPs)
             Began as a Barachi Arcane Marksman on June 16, 2020.
             Killed by divine providence
             ... invoked by an orc priest
              (15 damage)
             ... on level 4 of the Dungeon.
             The game lasted 00:09:22 (4347 turns).

hittemvvvvhard the Shooter (BaAM)                   Turns: 4347, Time: 00:09:23

Health: 0/48       AC:  9    Str: 13    XL:     7   Next: 0%
Magic:  8/8        EV:  6    Int: 13    God:
Gold:   164        SH:  0    Dex: 13    Spells: 7/8 levels left

rFire    . . .     SeeInvis .   a - +0 shortbow {autoexplore}
rCold    . . .     Gourm    .   (shield currently unavailable)
rNeg     . . .     Faith    .   o - +0 chain mail
rPois    .         Spirit   .   (no helmet)
rElec    .         Reflect  .   k - +0 cloak
rCorr    .         Harm     .   (no gloves)
MR       .....                  (no boots)
Stlth    ..........             (no amulet)
HPRegen  0.16/turn              (no ring)
MPRegen  0.11/turn              (no ring)

@: can't hop, slow
A: +LOS, swims, slowness 1, strong legs 1
a: Hop


You were on level 4 of the Dungeon.
You were hungry.

You visited 1 branch of the dungeon, and saw 4 of its levels.

You collected 164 gold pieces.

Inventory:

Hand Weapons
 a - a +0 shortbow (weapon) {autoexplore}
 b - a +0 whip
 n - a cursed -3 trident
Missiles
 d - 90 stones
 h - 7 bolts
 j - 6 boomerangs
 r - 3 poisoned darts (quivered)
 y - 35 sling bullets
Armour
 k - a +0 cloak (worn)
 o - a +0 chain mail (worn)
 p - a +0 ring mail
Jewellery
 u - an uncursed ring of flight {unknown}
 A - an uncursed ring of stealth {unknown}
Scrolls
 c - a scroll of enchant armour {unknown}
 g - a scroll of immolation {unknown}
 l - 2 scrolls of identify {unknown}
 m - a scroll of enchant weapon {unknown}
 t - 2 scrolls of teleportation
 v - a scroll of fear {unknown}
 w - a scroll of magic mapping {unknown}
 x - a scroll of remove curse
 z - a scroll of amnesia
Potions
 f - a potion of flight {unknown}
 i - 3 potions of heal wounds {unknown}
 q - a potion of berserk rage {unknown}
Comestibles
 e - 8 rations


   Skills:
 - Level 1.2 Fighting
 + Level 7.3 Bows
 - Level 2.1 Dodging
 - Level 1.1 Spellcasting
 - Level 3.2 Hexes


You had 7 spell levels left.
You knew the following spells:

 Your Spells              Type           Power        Failure   Level  Hunger
v - Corona                Hex            #......      95%         1    ##.....

Your spell library contained the following spells:

 Spells                   Type           Power        Failure   Level  Hunger
 Slow                     Hex            #.......     99%         2    ###....
 Inner Flame              Hex/Fire       #.......     100%        3    ####...
 Portal Projectile        Hex/Tloc       #.....       100%        3    ####...
 Cause Fear               Hex            #.........   100%        4    #####..
 Leda's Liquefaction      Hex/Erth       #.........   100%        4    #####..


Dungeon Overview and Level Annotations

Branches:
Dungeon (4/15)
 Temple: D:4-7

Altars:
Dithmenos
Xom

Annotations:
D:3 exclusion: downstairs


Innate Abilities, Weirdness & Mutations

You can be seen from farther away. (+LOS)
You can swim through water.
You cover ground slowly.
You can hop short distances.


Message History

Throwing (i - inventory. (/) - cycle)
r - 4 poisoned darts (quivered)
Aim: an orc priest, wielding a +0 hand axe and wearing a +0 leather armour (heavily wounded, very poisoned)
You throw a poisoned dart. The poisoned dart hits the orc priest.
The orc priest looks even sicker.
The orc priest invokes the aid of Beogh against you.
Pain shoots through your body!
* * * LOW HITPOINT WARNING * * *
You take 13 damage, and have 6/48 hp.
MASSIVE DAMAGE!!
Unknown command.
Hop to where?
Boing!
The orc priest casts a cantrip, but nothing happens.
You aren't carrying any items that you can evoke.
Unknown command.
Okay, then.
You feel better.
The orc priest invokes the aid of Beogh against you.
Beogh smites you!
You die...

#.........# ...
#.........# .....
#.........#
.....#########.........#
......................#
......................#
......................#
......................#
................@.....#
......................#
......................###
.######'##+######.......#
#...^....).#.○.....#
#..........#.o.....#
#.....<....#.......#
#......[...#(......#
#..........#(......#

Skill      XL: |  1  2  3  4  5  6 |
---------------+-------------------+-----
Bows           | 3 5 6 7 |  7.3
Fighting       | |  1.2
Dodging        | |  2.1
Spellcasting   | |  1.1
Hexes          | |  3.2

Notes
Turn   | Place    | Note
-------+----------+-------------------------------------------
     0 | D:1      | hittemvvvvhard the Barachi Arcane Marksman began the quest
                  | for the Orb.
     0 | D:1      | Reached XP level 1. HP: 15/15 MP: 2/2
   103 | D:1      | Reached XP level 2. HP: 19/21 MP: 3/3
   309 | D:1      | Reached skill level 3 in Bows
   724 | D:1      | Reached XP level 3. HP: 26/26 MP: 4/4
  1352 | D:2      | Reached skill level 4 in Bows
  1404 | D:2      | Noticed a bullfrog
  1437 | D:2      | HP: 5/26 [bullfrog (2)]
  1440 | D:2      | HP: 2/26 [bullfrog (3)]
  1447 | D:2      | Killed a bullfrog
  1447 | D:2      | Reached skill level 5 in Bows
  1447 | D:2      | Reached XP level 4. HP: 3/32 MP: 5/5
  1447 | D:2      | Reached XP level 5. HP: 3/37 MP: 6/6
  1450 | D:2      | HP: 2/37 [gnoll/+0 club (2)]
  3033 | D:3      | Found a shadowy altar of Dithmenos.
  3196 | D:3      | Found a shimmering altar of Xom.
  3198 | D:3      | Found a radiant altar of Vehumet.
  3198 | D:3      | Found a radiant altar of Vehumet.
  3199 | D:3      | Found a glowing golden altar of the Shining One.
  3199 | D:3      | Found an ornate altar of the Wu Jian Council.
  3199 | D:3      | Found a sacrificial altar of Ru.
  3201 | D:3      | Reached skill level 6 in Bows
  3284 | D:3      | Reached XP level 6. HP: 43/43 MP: 7/7
  4150 | D:4      | Reached skill level 7 in Bows
  4296 | D:4      | Reached XP level 7. HP: 35/48 MP: 8/8
  4345 | D:4      | HP: 6/48 [orc priest/nerve-wracking pain (14)]
  4347 | D:4      | Killed from afar by an orc priest

Table legend:
 A = Turns spent in this place as a percentage of turns spent in the entire game.
 B = Non-inter-level travel turns spent in this place as a percentage of non-inter-level travel turns spent in the entire game.
 C = Inter-level travel turns spent in this place as a percentage of turns spent in this place.
 D = Turns resting spent in this place as a percentage of non-inter-level travel turns spent in this place.
 E = Turns spent auto-exploring this place as a percentage of non-inter-level travel turns spent in this place.
 F = Non-inter-level travel turns spent in this place divided by the number of levels of this place that you've seen.
                   A       B       C       D       E      F
               +-------+-------+-------+-------+-------+----------------------
         Total | 100.0 | 100.0 |   1.5 |   1.1 |  79.7 | 1070.5
       Dungeon | 100.0 | 100.0 |   1.5 |   1.1 |  79.7 | 1070.5
               +-------+-------+-------+-------+-------+----------------------

Table legend:
 A = Kills in this place as a percentage of kills in entire the game.
 B = Kills by you in this place as a percentage of kills by you in the entire game.
 C = Kills by friends in this place as a percentage of kills by friends in the entire game.
 D = Other kills in this place as a percentage of other kills in the entire game.
 E = Experience gained in this place as a percentage of experience gained in the entire game.
 F = Experience gained in this place divided by the number of levels of this place that you have seen.
                   A       B       C       D       E      F
               +-------+-------+-------+-------+-------+----------------------
         Total | 100.0 | 100.0 |   N/A |   N/A | 100.0 | 154.5
       Dungeon | 100.0 | 100.0 |   N/A |   N/A | 100.0 | 154.5
               +-------+-------+-------+-------+-------+----------------------

Action                   |  1- 3 |  4- 6 |  7- 9 || total
-------------------------+-------+-------+-------++-------
Melee: Whip              |    11 |       |       ||    11
       Dagger            |     3 |       |       ||     3
 Fire: Shortbow          |   138 |   222 |     5 ||   365
Throw: Stone             |     2 |       |       ||     2
       Dart              |       |    10 |    11 ||    21
       Boomerang         |       |     6 |       ||     6
 Abil: Hop               |     1 |     1 |     1 ||     3
  Use: Scroll            |     4 |     1 |       ||     5
       Potion            |     3 |       |     1 ||     4
  Eat: Chunk             |     2 |     9 |       ||    11
Armor: Robe              |     7 |       |       ||     7
       Scale mail        |    28 |     9 |       ||    37
       Chain mail        |       |    67 |     3 ||    70
Dodge: Dodged            |    61 |    33 |     2 ||    96

Vanquished Creatures
  A bullfrog (D:2)
  A scorpion (D:4)
  4 orc wizards (D:4)
  A jelly (D:4)
  7 adders
  A gnoll (D:2)
  2 oozes (D:2)
  2 worms (D:2)
  3 dart slugs
  4 leopard geckos
  3 orcs (D:3)
  A ball python (D:3)
  2 giant cockroaches (D:2)
  9 goblins
  7 hobgoblins
  2 jackals (D:3)
  13 kobolds
  3 quokkas
  9 bats
  4 frilled lizards
  12 rats
91 creatures vanquished.

Vanquished Creatures (others)
  7 toadstools (D:1)
7 creatures vanquished.

Grand Total: 98 creatures vanquished You could see an orc priest (very poisoned).

Levels and vault maps discovered:
D:1:      nagdon_arrival_double_spiral, layout_basic
D:2:      cheibrodos_old_hovel, layout_basic, minmay_divided_ellipse
D:3:      layout_loops_corners, doesnt_xom_only_xom, first_ration,
          nicolae_dithmenos_through_a_glass_darkly
D:4:      layout_gridville
